 Dungeon Crawl Stone Soup version 0.31-a0-1172-g9944ec47dd (webtiles) character file.

Game seed: 4853537391712088630

24694 Firecrotchwizard the Fighter (level 13, -5/100 HPs)
             Began as a Djinni Fire Elementalist on Dec 10, 2023.
             Was an Elder of Makhleb.
             Slain by a four-headed hydra (7 damage)
             ... on level 4 of the Lair of Beasts.
             The game lasted 00:42:18 (13230 turns).

Firecrotchwizard the Fighter (DjFE)                Turns: 13230, Time: 00:42:18

Health: -5/100     AC:  7    Str:  7    XL:     13   Next: 44%
Gold:   750        EV: 25    Int: 20    God:    Makhleb [****..] SH:  0 Dex: 16

rFire   + + +        b - staff of fire
rCold   x . .        (no shield)
rNeg    . . .        z - +3 leather armour
rPois   ∞            k - +0 helmet
rElec   .            (no cloak)
rCorr   .            (no gloves)
SInv    .            (boots unavailable)
Will    +....        H - amulet of the acrobat
Stlth   ++           L - +5 ring of evasion
HPRegen 0.36/turn    l - +5 ring of evasion
MPRegen 0.00/turn

%: acrobat, infuse magic (-6 HP)
@: flying
A: sickness immunity, fire resistance 2, cold vulnerability 1, float, innate
caster, HP casting, extra vitality 1
a: Renounce Religion, Minor Destruction, Lesser Servant of Makhleb, Major
Destruction


You were on level 4 of the Lair of Beasts.
You worshipped Makhleb.
Makhleb was greatly pleased with you.
You visited 3 branches of the dungeon, and saw 15 of its levels.

You collected 750 gold pieces.

Inventory:

Hand Weapons
 a - a +1 demon whip of freezing
 c - a +0 whip
 m - a +0 long sword
 x - a +2 whip of venom
 J - a +2 trident of protection
Missiles
 y - 4 curare-tipped darts
 B - 25 poisoned darts
Armour
 f - an orb of light
 k - a +0 helmet (worn)
 z - a +3 leather armour (worn)
 G - a +0 robe
Magical Staves
 b - a staff of fire (weapon)
 u - a staff of conjuration
Jewellery
 h - a ring of resist corrosion
 l - a +5 ring of evasion (right hand)
 E - a +6 ring of intelligence
 F - a ring of protection from cold
 H - an amulet of the acrobat (around neck)
 K - a ring of ice
 L - a +5 ring of evasion (left hand)
Wands
 p - a wand of digging (6)
 r - a wand of polymorph (12)
 w - a wand of flame (9)
 A - a wand of mindburst (17)
 I - a wand of iceblast (3)
Scrolls
 d - a scroll of fear
 g - a scroll of silence
 i - a scroll of identify
 j - 2 scrolls of summoning
 t - 2 scrolls of teleportation
 v - 2 scrolls of poison
Potions
 e - 2 potions of haste
 n - a potion of cancellation
 o - 2 potions of resistance
 q - 2 potions of mutation
 s - 2 potions of curing
 D - 3 potions of attraction
Miscellaneous
 C - a lightning rod (4/4)


   Skills:
 - Level 11.7 Fighting
 * Level 7.6 Maces & Flails
 + Level 8.1 Dodging
 - Level 1.5 Stealth
 - Level 8.2 Spellcasting
 - Level 8.2 Conjurations
 - Level 8.2 Hexes
 - Level 8.2 Summonings
 - Level 8.2 Necromancy
 - Level 8.2 Translocations
 - Level 8.2 Transmutations
 - Level 8.2 Fire Magic
 - Level 8.2 Ice Magic
 - Level 8.2 Air Magic
 - Level 8.2 Earth Magic
 - Level 8.2 Poison Magic
 - Level 10.6 Invocations


You knew the following spells:

 Your Spells              Type           Power      Damage    Failure   Level
a - Foxfire               Conj/Fire      100%       2x1d9     1%          1
b - Scorch                Fire           100%       2d9       1%          2
c - Volatile Blastmotes   Fire/Tloc      100%       2d18      1%          3
d - Inner Flame           Hex/Fire       57%        N/A       1%          3
e - Flame Wave            Conj/Fire      57%        2d14      4%          4
f - Shock                 Conj/Air       100%       1d9       1%          1
g - Searing Ray           Conj           82%        2d7       1%          2
h - Static Discharge      Conj/Air       82%        3-7/arc   1%          2
i - Passage of Golubria   Tloc           41%        N/A       4%          4
j - Brom's Barrelling Bo  Conj/Erth      41%        2d6       4%          4
k - Irradiate             Conj/Tmut      20%        3d18      12%         5
Your spell library was empty.

Dungeon Overview and Level Annotations

Branches:
Dungeon (10/15)            Temple (1/1) D:5            Lair (4/5) D:8
 Shoals (0/4) Lair:2       Spider (0/4) Lair:3        Slime (0/5) Lair:4
    Orc (0/2) D:9

Altars:
Ashenzari
Cheibriados
Dithmenos
Elyvilon
Hepliaklqana
Makhleb
Nemelex Xobeh
Okawaru
Qazlal
Ru
Trog
Uskayaw
Wu Jian
Xom
Yredelemnul
Zin
The Shining One

Shops:
D:5 :   D:9 =

Annotations:
D:3 Grinder
D:7 exclusions: 2 orcs and orc warrior
D:8 exclusion: door
Lair:1 2 transporters
Lair:3 3 runed translucent doors, pigah's ghost, journeyman OpSh


Innate Abilities, Weirdness & Mutations

You are immune to sickness and miasma.
You are immune to poison.
Your flesh is very heat resistant. (rF++)
You are vulnerable to cold. (rC-)
You float through the air rather than walking.
You learn spells naturally, not from books.
Your magical power is your life essence.
You have superior vitality. (+4 MHP)


Message History

The four-headed hydra bites your boulder but does no damage.
Casting: Brom's Barrelling Boulder (dangerous; 4% risk of failure)
Confirm with . or Enter, or press ? or * to list all spells.
You feel a surge of power!
You conjure some foxfire!
The boulder barrels into the four-headed hydra!
The four-headed hydra is moderately wounded.
Your boulder is destroyed!
The blink frog blinks!
Casting: Foxfire (safe; 1% risk of failure)
Confirm with . or Enter, or press ? or * to list all spells.
You feel a surge of power!
You conjure some foxfire!
The foxfire hits the four-headed hydra.
The four-headed hydra is heavily wounded.
The foxfire hits the blink frog.
The blink frog is moderately wounded.
The blink frog completely misses you.
The four-headed hydra barely misses you. x2
The four-headed hydra misses you.
The four-headed hydra barely misses you.
The blink frog closely misses you. x2
Casting: Foxfire (safe; 1% risk of failure)
Confirm with . or Enter, or press ? or * to list all spells.
You feel a surge of power!
Flames lash the blink frog.
The blink frog is moderately wounded.
The blink frog's fire resistance burns away.
The foxfire hits the blink frog!
The blink frog is burned terribly!
The blink frog is heavily wounded.
The foxfire hits the four-headed hydra.
The four-headed hydra is heavily wounded.
The blink frog completely misses you.
The four-headed hydra completely misses you.
The four-headed hydra bites you.
The four-headed hydra closely misses you.
The four-headed hydra misses you.
The blink frog hits you but does no damage.
The blink frog completely misses you.
The blink frog blinks!
Unknown command.
Casting: Scorch (safe; 1% risk of failure)
Confirm with . or Enter, or press ? or * to list all spells.
You feel a surge of power!
You conjure some foxfire!
The blink frog barely misses you.
The blink frog blinks!
The four-headed hydra misses you.
The four-headed hydra completely misses you.
The four-headed hydra bites you but does no damage.
The four-headed hydra bites you.
The blink frog blinks!
Casting: Foxfire (safe; 1% risk of failure)
Confirm with . or Enter, or press ? or * to list all spells.
You feel a surge of power!
Flames lash the four-headed hydra.
The four-headed hydra is heavily wounded.
The four-headed hydra's fire resistance burns away.
The foxfire hits the four-headed hydra.
The four-headed hydra is heavily wounded.
The foxfire hits the blink frog.
The blink frog is heavily wounded.
The blink frog blinks!
The four-headed hydra closely misses you. x2
The four-headed hydra bites you.
The four-headed hydra completely misses you.
The blink frog blinks!
The blink frog completely misses you.
The blink frog blinks!
Unknown command.
Casting: Scorch (safe; 1% risk of failure)
Confirm with . or Enter, or press ? or * to list all spells.
You feel a surge of power!
You conjure some foxfire!
The blink frog blinks!
The four-headed hydra barely misses you.
The four-headed hydra bites you but does no damage.
The four-headed hydra completely misses you.
The four-headed hydra bites you! The blink frog closely misses you.
Casting: Foxfire (safe; 1% risk of failure)
Confirm with . or Enter, or press ? or * to list all spells.
You feel a surge of power!
Flames lash the four-headed hydra.
The four-headed hydra is burned terribly!
The four-headed hydra is heavily wounded.
The foxfire hits the blink frog!
The blink frog is severely wounded.
The foxfire hits the four-headed hydra!
The four-headed hydra is burned terribly!
The four-headed hydra is severely wounded.
The blink frog hits you!
* * * LOW HITPOINT WARNING * * *
The blink frog blinks!
The four-headed hydra barely misses you.
The four-headed hydra bites you.
* * * LOW HITPOINT WARNING * * *
The four-headed hydra bites you!
* * * LOW HITPOINT WARNING * * *
The four-headed hydra bites you!
* * * LOW HITPOINT WARNING * * *
The blink frog hits you!
* * * LOW HITPOINT WARNING * * *
The blink frog blinks!
Casting: Scorch (safe; 1% risk of failure)
Confirm with . or Enter, or press ? or * to list all spells.
You feel a surge of power!
Flames lash the four-headed hydra.
The four-headed hydra is burned terribly!
The four-headed hydra is almost dead.
* * * LOW HITPOINT WARNING * * *
The four-headed hydra completely misses you. x2
The four-headed hydra bites you!
You die...

. ............... .
................. ...
................>. ...
...........§....... ...
....................
........................
................D.F.F.F.
...#............@......#
# #.........F...P..#...#
##..........###P#....# #
#............# ## ...#
.##..........### ..#
#...........## .#
.#........### #
..........# .........##


You could see a four-headed hydra (combustible) and 4 blink frogs.

Vanquished Creatures
  2 hydras
  A harpy (Lair:2)
  3 black mambas
  4 cane toads
  A torpor snail (Lair:3)
  An orange demon (Lair:2)
  3 rime drakes
  6 komodo dragons
  A meliai (Lair:3)
  15 blink frogs
  A shadow (D:9)
  3 wyverns
  21 yaks
  3 steam dragons
  A human (D:9)
  A basilisk (Lair:2)
  4 wargs
  10 water moccasins
  3 orc warriors
  3 black bears
  2 sky beasts
  An ice beast (D:8)
  14 centaurs
  2 ogres (D:6)
  9 wolves
  2 kobold brigands
  9 bullfrogs
  A scorpion (D:4)
  A gnoll sergeant (D:9)
  4 killer bees (Lair:3)
  3 howler monkeys
  An electric eel (Lair:1)
  6 orc priests
  4 jellies
  A gnoll bouda (D:7)
  2 hounds
  5 iguanas
  9 orc wizards
  Robin (D:4)
  17 gnolls
  11 adders
  2 white imps (D:7)
  2 ufetubi (D:7)
  A worm (D:2)
  5 dart slugs
  28 orcs
  2 bats
  11 endoplasms
  2 giant cockroaches
  10 goblins
  11 hobgoblins
  20 kobolds
  2 quokkas
  7 ball pythons
  3 frilled lizards
  9 rats
307 creatures vanquished.

Vanquished Creatures (collateral kills)
  A hydra (Lair:2)
  Amaemon (Lair:2)
  A harpy (Lair:2)
  4 elephants (Lair:1)
  5 blink frogs (Lair:2)
  A yak (Lair:1)
  A water moccasin (Lair:1)
  4 boulders
  5 foxfires
23 creatures vanquished.

Vanquished Creatures (others)
  An orc priest (D:9)
  A boulder (Lair:3)
  966 foxfires
968 creatures vanquished.

Grand Total: 1298 creatures vanquished

Notes
Turn   | Place    | Note
-------+----------+-------------------------------------------
     0 | D:1      | Firecrotchwizard the Djinni Fire Elementalist began the
                  | quest for the Orb.
     0 | D:1      | Firecrotchwizard set off with the following spells
                  | memorised: Foxfire, Scorch, Volatile Blastmotes, Inner
                  | Flame, Flame Wave.
     0 | D:1      | Reached XP level 1. HP: 15/15 MP: 0/0
   125 | D:1      | Reached XP level 2. HP: 18/22 MP: 0/0
   126 | D:1      | Reached skill level 1 in Fighting
   384 | D:1      | Reached XP level 3. HP: 24/27 MP: 0/0
   384 | D:1      | Learned a level 1 spell: Shock
   875 | D:2      | Reached skill level 2 in Fighting
   919 | D:2      | Reached XP level 4. HP: 30/33 MP: 0/0
  1339 | D:3      | Noticed Grinder
  1471 | D:3      | Reached XP level 5. HP: 36/39 MP: 0/0
  1471 | D:3      | Learned a level 2 spell: Searing Ray
  1489 | D:3      | Reached skill level 3 in Fighting
  1858 | D:3      | Reached XP level 6. HP: 16/46 MP: 0/0
  2075 | D:3      | Found a stormy altar of Qazlal.
  2521 | D:4      | HP: 1/47 [orc wizard/puff of flame (3)]
  2523 | D:4      | Reached skill level 4 in Fighting
  2796 | D:4      | Identified the +4 barding of the Pleiades {rPois rN+ Slay-5
                  | Stlth+}
  2925 | D:4      | Noticed Robin
  2936 | D:4      | Reached XP level 7. HP: 47/53 MP: 0/0
  2936 | D:4      | Learned a level 2 spell: Static Discharge
  2937 | D:4      | Killed Robin
  3328 | D:5      | Entered Level 5 of the Dungeon
  3509 | D:5      | Found a staircase to the Ecumenical Temple.
  3519 | Temple   | Entered the Ecumenical Temple
  3530 | Temple   | Became a worshipper of Makhleb the Destroyer
  3669 | D:5      | Reached skill level 5 in Fighting
  3669 | D:5      | Reached skill level 1 in Invocations
  3948 | D:5      | Found Wiof's Vocational Training.
  4514 | D:6      | Reached skill level 5 in Spellcasting
  4514 | D:6      | Reached skill level 5 in Conjurations
  4514 | D:6      | Reached skill level 5 in Hexes
  4514 | D:6      | Reached skill level 5 in Summonings
  4514 | D:6      | Reached skill level 5 in Necromancy
  4514 | D:6      | Reached skill level 5 in Translocations
  4514 | D:6      | Reached skill level 5 in Transmutations
  4514 | D:6      | Reached skill level 5 in Fire Magic
  4514 | D:6      | Reached skill level 5 in Ice Magic
  4514 | D:6      | Reached skill level 5 in Air Magic
  4514 | D:6      | Reached skill level 5 in Earth Magic
  4514 | D:6      | Reached skill level 5 in Poison Magic
  4514 | D:6      | Reached XP level 8. HP: 32/60 MP: 0/0
  4838 | D:6      | Reached skill level 6 in Fighting
  4932 | D:6      | Reached * piety under Makhleb
  5090 | D:6      | Reached XP level 9. HP: 50/67 MP: 0/0
  5090 | D:6      | Learned a level 4 spell: Passage of Golubria
  5593 | D:7      | Reached skill level 7 in Fighting
  5666 | D:7      | Found a sparkling altar of Nemelex Xobeh.
  5733 | D:7      | Reached skill level 5 in Invocations
  6321 | D:7      | Identified the +2 robe "Roess" {Fly Int+6}
  6467 | D:8      | Reached ** piety under Makhleb
  6477 | D:7      | HP: 3/70 [warg (7)]
  6488 | D:7      | Reached skill level 8 in Fighting
  6783 | D:8      | Found a staircase to the Lair.
  6832 | D:8      | Reached XP level 10. HP: 15/76 MP: 0/0
  7195 | D:8      | Found an ornate altar of the Wu Jian Council.
  7662 | D:9      | Reached skill level 9 in Fighting
  7719 | D:9      | Found a broken altar of Ashenzari.
  7883 | D:9      | Reached *** piety under Makhleb
  8199 | D:9      | Found a staircase to the Orcish Mines.
  8255 | D:9      | HP: 3/78 [warg (7)]
  8549 | D:9      | Found Adun's Jewellery Shoppe.
  8615 | D:10     | Entered Level 10 of the Dungeon
  8674 | Lair:1   | Entered Level 1 of the Lair of Beasts
  8674 | Lair:1   | Noticed a komodo dragon
  8683 | Lair:1   | Killed a komodo dragon
  8745 | Lair:1   | Reached XP level 11. HP: 76/85 MP: 0/0
  8745 | Lair:1   | Learned a level 4 spell: Brom's Barrelling Boulder
  8932 | Lair:1   | Reached skill level 10 in Fighting
  9027 | Lair:1   | Found a transporter.
  9066 | Lair:1   | Found a transporter.
  9082 | Lair:1   | Noticed an elephant
  9101 | Lair:1   | Noticed an elephant
  9104 | Lair:1   | Noticed an elephant
  9112 | Lair:1   | Noticed an elephant
  9115 | Lair:1   | Killed an elephant
  9116 | Lair:1   | HP: 4/86 [elephant (9)]
  9118 | Lair:1   | Killed an elephant
  9123 | Lair:1   | Killed an elephant
  9123 | Lair:1   | Killed an elephant
  9458 | Lair:1   | Reached skill level 11 in Fighting
  9805 | Lair:1   | Reached skill level 10 in Invocations
 10147 | Lair:2   | Noticed Amaemon
 10155 | Lair:2   | Noticed a harpy
 10157 | Lair:2   | Reached XP level 12. HP: 68/94 MP: 0/0
 10157 | Lair:2   | Noticed a six-headed hydra
 10160 | Lair:2   | Killed Amaemon
 10165 | Lair:2   | Killed a six-headed hydra
 10175 | Lair:2   | Found a staircase to the Shoals.
 10178 | Lair:2   | Reached skill level 5 in Dodging
 10424 | Lair:2   | Reached skill level 1 in Maces & Flails
 11108 | Lair:2   | Found a stormy altar of Qazlal.
 11521 | Lair:3   | Noticed an eight-headed hydra
 11530 | Lair:3   | Killed an eight-headed hydra
 11531 | Lair:3   | Reached skill level 5 in Maces & Flails
 11708 | Lair:3   | Noticed pigah's ghost (journeyman OpSh)
 11709 | Lair:3   | Noticed a minotaur
 11717 | Lair:3   | Reached XP level 13. HP: 97/100 MP: 0/0
 11717 | Lair:3   | Learned a level 5 spell: Irradiate
 11738 | Lair:3   | Reached **** piety under Makhleb
 12067 | Lair:3   | Found a hole to the Spider Nest.
 12260 | Lair:3   | Found a runed translucent gate.
 12260 | Lair:3   | Found a runed translucent gate.
 12260 | Lair:3   | Found a runed translucent gate.
 12802 | Lair:4   | Noticed an eight-headed hydra
 12813 | Lair:4   | Killed an eight-headed hydra
 13216 | Lair:4   | Found a staircase to the Slime Pits.
 13217 | Lair:4   | Noticed a four-headed hydra
 13229 | Lair:4   | HP: 3/100 [blink frog (12)]
 13230 | Lair:4   | Slain by a four-headed hydra

Illustrated notes

Levels and vault maps discovered:
D:1:      dpeg_arrival_simpleton_c, layout_basic
D:2:      layout_rooms
D:3:      layout_basic, mainiacjoe_overflow_concentric_impassable,
          chequers_arboretum, kennysheep_donut, uniq_grinder
D:4:      layout_basic, minmay_misc_feat_x, uniq_robin
D:5:      layout_gridville, minmay_temple_entry_arrows, nicolae_shop_vocational
D:6:      layout_basic, kennysheep_generic_room_15
D:7:      layout_basic, lemuel_tele_altar, serial_library_hellmonk_small_alcove
D:8:      minmay_chambers_of_fours, layout_gridville, nzn_wu_jian_council_hall,
          erik_lair_orcish_takeover, minmay_misc_feat_roman, minmay_crossroads
D:9:      layout_rooms, kennysheep_mini_moat, erik_orc_4, serial_shops, shop
D:10:     layout_loops_ring, pf_just_have_faith,
          nicolae_gozag_cash_rules_everything_around_me, bh_walls_and_bars
Temple:   nicolae_temple_superstar
Lair:1:   gammafunk_worm_tunnel, layout_hall_layers, serial_bayou_shore_a,
          grunt_megastairs_1
Lair:2:   layout_chaotic_city, nicolae_shoals_entry_roost, lemuel_centaur_altar,
          grunt_megastairs_2, uniq_amaemon
Lair:3:   layout_small_grid, hellmonk_spider_entry_not_the_bees,
          maelrawn_ghost_gauntlet_escape
Lair:4:   layout_hall_layers, slime_entry_1

Skill      XL: |  1  2  3  4  5  6  7  8  9 10 11 12 13 |
---------------+----------------------------------------+-----
Spellcasting   | 4 5 6 7 8 |  8.2
Conjurations   | 4 5 6 7 8 |  8.2
Hexes          | 4 5 6 7 8 |  8.2
Summonings     | 4 5 6 7 8 |  8.2
Necromancy     | 4 5 6 7 8 |  8.2
Translocations | 4 5 6 7 8 |  8.2
Transmutations | 4 5 6 7 8 |  8.2
Fire Magic     | 4 5 6 7 8 |  8.2
Ice Magic      | 4 5 6 7 8 |  8.2
Air Magic      | 4 5 6 7 8 |  8.2
Earth Magic    | 4 5 6 7 8 |  8.2
Poison Magic   | 4 5 6 7 8 |  8.2
Fighting       | 1 2 3 4 5 6 8 9 11 | 11.7
Invocations    | 2 4 6 8 10 | 10.6
Dodging        | 6 8 |  8.1
Maces & Flails | 5 7 |  7.6
Stealth        | |  1.5

Action                     |  1- 3 |  4- 6 |  7- 9 | 10-12 | 13-15 || total
---------------------------+-------+-------+-------+-------+-------++-------
  Melee: Unarmed           |    37 |       |       |       |       ||    37
         Whip              |    37 |     2 |    39 |    13 |       ||    91
         Punch             |     3 |     2 |     1 |     2 |       ||     8
         Long sword        |       |    43 |    68 |       |       ||   111
         Staff             |       |       |     2 |     1 |     5 ||     8
         Trident           |       |       |       |    49 |       ||    49
         Demon whip        |       |       |       |    15 |    20 ||    35
   Cast: Foxfire           |    18 |    61 |   107 |   266 |    99 ||   551
         Shock             |    15 |    37 |     4 |     1 |       ||    57
         Scorch            |       |     4 |    33 |   103 |    36 ||   176
         Flame Wave        |       |       |     6 |       |     8 ||    14
         Passage of Golubr |       |       |     1 |     4 |       ||     5
         Searing Ray       |       |       |       |     1 |       ||     1
         Volatile Blastmot |       |       |       |     3 |       ||     3
         Brom's Barrelling |       |       |       |     1 |     4 ||     5
 Invoke: Minor Destruction |       |       |     1 |     2 |       ||     3
         Lesser Servant of |       |       |       |    10 |     2 ||    12
    Use: Scroll            |       |     7 |     3 |     3 |     8 ||    21
         Potion            |       |       |     2 |     2 |       ||     4
   Stab: Sleeping          |     2 |       |     2 |     1 |       ||     5
         Distracted        |       |       |       |     1 |       ||     1
 Armour: Robe              |    28 |    39 |    64 |       |       ||   131
         Leather armour    |       |       |    69 |   127 |    56 ||   252
  Dodge: Dodged            |    54 |    81 |   258 |   181 |   122 ||   696

Table legend: (Time is in decaauts)
 A = Elapsed time spent in this place.
 B = Non-inter-level travel time spent in this place.
 C = Inter-level travel time spent in this place.
 D = Time resting spent in this place.
 E = Time spent auto-exploring this place.
 F = Levels seen in this place.
 G = Mean time per level.
                   A        B        C        D        E       F      G
               +--------+--------+--------+--------+--------+-----+--------+
         Total |  13277 |  12851 |    426 |   2893 |   7877 |  15 |  885.1 |
       Dungeon |   8697 |   8391 |    306 |   1574 |   5463 |  10 |  869.7 |
        Temple |     22 |      1 |     21 |      0 |      0 |   1 |   22.0 |
          Lair |   4556 |   4457 |     99 |   1319 |   2414 |   4 | 1139.0 |
               +--------+--------+--------+--------+--------+-----+--------+

Top non-repeatable levels by time:
  Lair:1: 1652 daAuts
  Lair:3: 1204 daAuts
  Lair:2: 1196 daAuts
     D:7: 1188 daAuts
     D:5: 1151 daAuts
     D:6: 1093 daAuts
     D:3: 1036 daAuts
     D:9: 1012 daAuts
     D:4: 1006 daAuts
     D:8: 889 daAuts
     D:1: 789 daAuts
     D:2: 513 daAuts
  Lair:4: 502 daAuts
  Temple: 22 daAuts
    D:10: 16 daAuts
